 Dungeon Crawl Stone Soup version 0.30-a0-778-g2ef04afb54 (console) character file.

Game seed: 17184368527452206575

124 rlgrobin the Chopper (level 5, 0/45 HPs)
             Began as a Meteoran Fighter on Feb 15, 2023.
             Was an Initiate of Qazlal.
             Killed from afar by an orc wizard (10 damage)
             ... with a magic dart
             ... on level 4 of the Dungeon.
             The game lasted 00:02:45 (565 turns).

rlgrobin the Chopper (Meteoran Fighter)              Turns: 565, Time: 00:02:46

Health: 0/45       AC: 13    Str: 20    XL:     5   Next: 56%
Magic:  6/6        EV:  5    Int:  9    God:    Qazlal [......]
Gold:   81         SH:  5    Dex: 13    Spells: 4/4 levels left

rFire   . . .      SeeInvis .    a - +0 war axe
rCold   . . .      Faith    .    c - +0 buckler
rNeg    . . .      Spirit   .    g - +0 plate armour
rPois   +          Reflect  .    (no helmet)
rElec   .          Harm     .    j - +0 cloak
rCorr   .          Rampage  .    (no gloves)
Will    .....                    i - +0 pair of boots Stlth
                                 (no amulet)
HPRegen 0.27/turn                l - ring of poison resistance
MPRegen 0.10/turn                (no ring)

@: mighty, glowing
A: sense surroundings 1, otherworldly, glowing, explore regen
a: Renounce Religion


You were on level 4 of the Dungeon.
You worshipped Qazlal.
Qazlal was noncommittal.
You visited 1 branch of the dungeon, and saw 4 of its levels.

You collected 81 gold pieces.

Inventory:

Hand Weapons
 a - a +0 war axe (weapon)
Armour
 c - a +0 buckler (worn)
 g - a +0 plate armour (worn)
 i - a +0 pair of boots (worn)
 j - a +0 cloak (worn)
Jewellery
 l - a ring of poison resistance (left hand)
Scrolls
 b - a scroll of magic mapping {unknown}
 e - 3 scrolls of brand weapon {unknown}
 k - a scroll of enchant weapon {unknown}
Potions
 h - a potion of haste {unknown}


   Skills:
 - Level 3.2 Fighting
 + Level 6.2 Axes
 - Level 3.6 Armour
 - Level 3.6 Shields


You had 4 spell levels left.
You didn't know any spells.
Your spell library was empty.

Dungeon Overview and Level Annotations

Branches:
Dungeon (4/15) Zot: 1805
 Temple: D:4-7

Altars:
Qazlal

Shops:
D:1 [


Innate Abilities, Weirdness & Mutations

You passively map a small area around you.
You are easily found by Zot.
You glow in the dark.
You regain HP and MP as you explore.


Message History

You hit the orc priest.
The orc priest is almost dead.
You hit the orc priest but do no damage.
The orc priest hits you but does no damage.
The orc priest casts a cantrip, but nothing happens.
You hear some strange, mumbled words.
You are confused.
The orc priest begins to cast a cantrip, but forgets the words!
An orc comes into view. It is wielding a +0 mace.
The orc priest hits you but does no damage.
You are too confused!
You are too confused!
You are too confused!
You feel better.
The orc shouts!
The orc priest completely misses you. The orc priest hits you with a +0 club.
The orc priest mumbles some strange prayers to Beogh against you.
Beogh smites you!
You hear some strange, mumbled words.
A puff of flame appears from out of thin air!
The puff of flame hits you.
* * * LOW HITPOINT WARNING * * *
You feel very mighty all of a sudden.
The orc priest hits you with a +0 hand axe.
* * * LOW HITPOINT WARNING * * *
The orc wizard hits you but does no damage.
The orc priest hits you but does no damage.
Something hits you but does no damage.
An orc comes into view. It is wielding a +0 mace.
The orc hits you but does no damage.
You slash the orc!
You kill the orc!
Qazlal accepts your kill.
You completely miss the orc priest. You slash something!
You hit the orc wizard. You barely miss the orc priest.
The orc priest hits you but does no damage. x2
The orc priest casts a cantrip, but nothing happens.
The orc wizard gestures at you while chanting.
The magic dart hits you!
You die...

#.# . , , #.##.....
, #..#o...# * ,
,.#######.......###
*, , , , ,
.......#..#o......
, .......#..#.o...#
o.[[......#g..:#
.#.......o#o...#
oo......o)@...# , ,
* .#####..{o...# *
#....####.#, , * *
#.#.#.....#
,,,,#.#.......,* *
#.#.#.###..* , ,
#.#.#...,,# * ,,* #
#.#.##### * * , #.*
#.#.#*** ,


You could see 3 orc priests, an orc wizard, 3 orcs and a hobgoblin.

Vanquished Creatures
  3 orc wizards
  A worm (D:2)
  A dart slug (D:2)
  7 orcs
  2 bats
  3 endoplasms
  4 giant cockroaches
  2 goblins
  A hobgoblin (D:1)
  2 jackals (D:1)
  4 ball pythons
  A frilled lizard (D:1)
  6 kobolds
  2 rats (D:2)
39 creatures vanquished.

Notes
Turn   | Place    | Note
-------+----------+-------------------------------------------
     0 | D:1      | rlgrobin the Meteoran Fighter began the quest for the Orb.
     0 | D:1      | Reached XP level 1. HP: 19/19 MP: 2/2
    87 | D:1      | Reached skill level 3 in Axes
    87 | D:1      | Reached XP level 2. HP: 21/26 MP: 3/3
   244 | D:1      | Found Yseavemn's Antique Armour Shop.
   265 | D:2      | Reached XP level 3. HP: 31/31 MP: 4/4
   357 | D:2      | Reached skill level 4 in Axes
   357 | D:2      | Reached XP level 4. HP: 28/38 MP: 5/5
   400 | D:2      | Reached skill level 5 in Axes
   484 | D:3      | Reached XP level 5. HP: 33/45 MP: 6/6
   494 | D:3      | Reached skill level 6 in Axes
   502 | D:3      | Found a stormy altar of Qazlal.
   511 | D:3      | Became a worshipper of Qazlal Stormbringer
   565 | D:4      | Killed from afar by an orc wizard

Illustrated notes

Levels and vault maps discovered:
D:1:      dpeg_arrival_concentric_ovals, layout_basic, serial_shops,
          shop_statue, ebering_ecumenical_altar_hall, serial_glass,
          glass_columns_b, glass_columns_b, kennysheep_minor_cross,
          due_unseen_surprise
D:2:      layout_basic
D:3:      layout_loops_ring, mainiacjoe_overflow_catwalk,
          mainiacjoe_overflow_six_doors_small, uniq_crazy_yiuf_cottage
D:4:      layout_basic, gammafunk_ghost_icy, st_stairs_6,
          chequers_serial_rivers_large_b

Skill      XL: |  1  2  3  4  5 |
---------------+----------------+-----
Axes           | 3 4 5 6 |  6.2
Fighting       | |  3.2
Armour         | |  3.6
Shields        | |  3.6

Action                     |  1- 3 |  4- 6 || total
---------------------------+-------+-------++-------
  Melee: War axe           |    32 |    61 ||    93
    Use: Potion            |       |     3 ||     3
 Armour: Plate armour      |    15 |    62 ||    77
         Scale mail        |     2 |       ||     2
  Dodge: Dodged            |     9 |     8 ||    17
  Block: Buckler           |     5 |    12 ||    17

Table legend: (Time is in decaauts)
 A = Elapsed time spent in this place.
 B = Non-inter-level travel time spent in this place.
 C = Inter-level travel time spent in this place.
 D = Time resting spent in this place.
 E = Time spent auto-exploring this place.
 F = Levels seen in this place.
 G = Mean time per level.
                   A        B        C        D        E       F      G
               +--------+--------+--------+--------+--------+-----+--------+
         Total |    593 |    593 |      0 |      0 |      0 |   4 |  148.2 |
       Dungeon |    593 |    593 |      0 |      0 |      0 |   4 |  148.2 |
               +--------+--------+--------+--------+--------+-----+--------+

Top non-repeatable levels by time:
     D:1: 258 daAuts
     D:2: 171 daAuts
     D:3: 127 daAuts
     D:4: 35 daAuts
